 Dungeon Crawl Stone Soup version 0.18.1-8-gdd0e5ea (webtiles) character file.

2135 Implojin the Fighter (level 9, -1/76 HPs)
             Began as a Mummy Monk on May 22, 2016.
             Slain by a spriggan
             ... wielding a cursed +0 short sword
              (10 damage)
             ... on level 7 of the Dungeon.
             The game lasted 00:25:49 (11256 turns).

Implojin the Fighter (Mummy Monk)                  Turns: 11256, Time: 00:25:50

Health: -1/76      AC:  3    Str: 14    XL:     9   Next: 9%
Magic:  9/9        EV: 13    Int:  9    God:
Gold:   346        SH:  0    Dex: 18    Spells: 0 memorised, 8 levels left

rFire  x . .     SeeInvis .       - Unarmed
rCold  + . .     Gourm    .     (no armour)
rNeg   + + +     Faith    .     (no shield)
rPois  ∞         Spirit   .     (no helmet)
rElec  .         Dismiss  .     (no cloak)
rCorr  .         Reflect  .     (no gloves)
SustAt +         Harm     .     f - +2 pair of boots {Fly} {not verboten i think?}
MR     +....                    (no amulet)
Stlth  ++........               (no ring)
                                e - ring of sustain attributes

@: flying, somewhat resistant to hostile enchantments, unstealthy
A: no food or potions, fire vulnerability, cold resistance 1, negative energy
resistance 3, torment resistance, unbreathing
a: Stop Flying


You were on level 7 of the Dungeon.
You were not hungry.

You visited 1 branch of the dungeon, and saw 7 of its levels.

You collected 414 gold pieces.
You spent 68 gold pieces at shops.

Inventory:

Hand Weapons
 j - a +2 trident of distortion
Armour
 f - a +2 pair of boots of flying (worn) {not verboten i think?}
Jewellery
 a - an uncursed ring of teleportation
 e - a ring of sustain attributes (left hand)
 g - an uncursed ring of loudness
 m - an uncursed amulet of magic regeneration {unknown}
Scrolls
 b - 6 scrolls of identify
 d - 2 scrolls of magic mapping
 h - a scroll of immolation
 i - a scroll of noise
 k - 2 scrolls of fog
 l - 2 scrolls of remove curse
Comestibles
 c - 4 bread rations (quivered)


   Skills:
 * Level 9.0 Fighting
 - Level 2.4 Dodging
 - Level 1.5 Stealth
 - Level 8.0 Unarmed Combat


You had 8 spell levels left.
You didn't know any spells.

Dungeon Overview and Level Annotations

Branches:
Dungeon (7/15)             Temple (0/1) D:5

Altars:
Ashenzari
Cheibriados
Elyvilon
Nemelex Xobeh
Ru
Yredelemnul
Zin
The Shining One

Shops:
D:4 }*}?}

Annotations:
D:4 4 exclusions, Purgy


Innate Abilities, Weirdness & Mutations

You do not eat or drink.
Your flesh is vulnerable to fire.
You are immune to poison.
Your flesh is cold resistant.
You are immune to negative energy.
You are immune to unholy pain and torment.
You can survive without breathing.


Message History

The spriggan shouts!
The spriggan hits you with a short sword!
You closely miss the spriggan.
The spriggan is heavily wounded.
The spriggan hits you with a short sword!
* * * LOW HITPOINT WARNING * * *
Read which item? (? for menu, Esc to quit)
Okay, then.
Put on which piece of jewellery? (? for menu, Esc to quit)
Okay, then.
You closely miss the spriggan.
The spriggan is heavily wounded.
The spriggan hits you with a short sword!
* * * LOW HITPOINT WARNING * * *
A spriggan comes into view. It is wielding a short sword.
You miss the spriggan.
The spriggan is heavily wounded.
The spriggan hits you with a short sword!
* * * LOW HITPOINT WARNING * * *
You miss the spriggan.
The spriggan is moderately wounded.
The spriggan closely misses you.
Read which item? (? for menu, Esc to quit)
Okay, then.
You barely miss the spriggan.
The spriggan is moderately wounded.
Unknown command.
The spriggan shouts!
The crimson imp shouts!
You hit the spriggan. Your punch misses the spriggan.
The spriggan is heavily wounded.
The spriggan hits you with a short sword.
* * * LOW HITPOINT WARNING * * *
You barely miss the spriggan.
The spriggan is heavily wounded.
The spriggan hits you with a short sword.
* * * LOW HITPOINT WARNING * * *
You barely miss the spriggan.
The spriggan is heavily wounded.
The spriggan hits you with a short sword!
You die...

♣...♣♣..♣
♣....♣♣
♣♣.♣♣♣ ♣♣♣.♣
♣..♣♣ ♣.♣♣
♣.♣♣ ♣..
♣♣.♣♣♣♣....♣
♣♣@iiW5♣
♣♣♣♣il.♣ #
..♣ ## ...
.## ♣♣♣
..###
#...####
##.....####
#.##.....#
##


You could see a hungry ghost, 3 spriggans, a crimson imp and a giant gecko.

Vanquished Creatures
  A hungry ghost (D:7)
  Edmund (D:4)
  A necrophage (D:7)
  5 ogres
  2 centaurs
  A giant frog (D:6)
  3 scorpions
  A jelly (D:5)
  2 howler monkeys
  A crimson imp (D:6)
  2 giant frog zombies (D:5)
  A quasit (D:4)
  4 orc wizards
  An orc priest (D:4)
  3 hounds
  An iguana (D:5)
  7 worker ants
  A hound zombie (D:6)
  4 gnolls
  10 adders
  An ooze (D:3)
  2 adder skeletons (D:4)
  3 worms
  2 dart slugs
  7 giant geckos
  27 orcs
  7 bats
  8 giant cockroaches
  8 hobgoblins
  8 jackals
  14 kobolds
  3 quokkas (D:3)
  A ball python (D:3)
  4 giant newts
  10 goblins
  A quokka skeleton (D:7)
  14 rats
  A spectral orc (D:6)
  A plant (D:1)
174 creatures vanquished.

Vanquished Creatures (collateral kills)
  An iguana (D:4)
  An orc (D:4)
2 creatures vanquished.

Grand Total: 176 creatures vanquished

Notes
Turn   | Place    | Note
--------------------------------------------------------------
     0 | D:1      | Implojin the Mummy Monk began the quest for the Orb.
     0 | D:1      | Reached XP level 1. HP: 18/18 MP: 1/1
   368 | D:1      | Reached XP level 2. HP: 24/24 MP: 2/2
   822 | D:1      | Reached skill level 4 in Unarmed Combat
  1142 | D:1      | Reached XP level 3. HP: 29/29 MP: 3/3
  2325 | D:2      | Reached XP level 4. HP: 35/35 MP: 4/4
  2959 | D:2      | Reached skill level 5 in Unarmed Combat
  3572 | D:3      | Reached XP level 5. HP: 41/41 MP: 5/5
  3789 | D:3      | Found a glowing silver altar of Zin.
  3789 | D:3      | Found a glowing golden altar of the Shining One.
  3789 | D:3      | Found a white marble altar of Elyvilon.
  3954 | D:3      | Found a sparkling altar of Nemelex Xobeh.
  4548 | D:4      | Reached skill level 6 in Unarmed Combat
  4570 | D:4      | Noticed Edmund
  4596 | D:4      | Reached XP level 6. HP: 30/47 MP: 6/6
  4915 | D:4      | Found Sonun's Magic Scroll Shoppe.
  4921 | D:4      | Bought a scroll of immolation for 35 gold pieces
  4921 | D:4      | Bought a scroll of noise for 10 gold pieces
  5012 | D:4      | Found a shattered altar of Ashenzari.
  5227 | D:4      | Reached skill level 4 in Fighting
  5271 | D:4      | Found Dayx's Gadget Shoppe.
  5271 | D:4      | Noticed Purgy
  5290 | D:4      | Found Buidoyla's Gadget Boutique.
  5338 | D:4      | Found Coezoriv's Assorted Antiques.
  5343 | D:4      | Bought a scroll labeled WEVOGI DUSA for 23 gold pieces
  5505 | D:4      | Reached skill level 5 in Fighting
  5679 | D:4      | Reached XP level 7. HP: 42/56 MP: 7/7
  6289 | D:4      | Found Nueril's Gadget Emporium.
  6354 | D:5      | Entered Level 5 of the Dungeon
  6379 | D:4      | Reached skill level 6 in Fighting
  7741 | D:4      | Killed Edmund
  8335 | D:5      | Reached skill level 7 in Unarmed Combat
  8671 | D:5      | Found a staircase to the Ecumenical Temple.
  8727 | D:5      | Reached XP level 8. HP: 60/64 MP: 8/8
  9553 | D:6      | Reached skill level 8 in Unarmed Combat
 10339 | D:5      | Reached skill level 7 in Fighting
 10784 | D:6      | Found a basalt altar of Yredelemnul.
 10850 | D:7      | Reached skill level 8 in Fighting
 11094 | D:7      | Reached XP level 9. HP: 75/75 MP: 9/9
 11097 | D:7      | Found a sacrificial altar of Ru.
 11122 | D:7      | Reached skill level 9 in Fighting
 11207 | D:7      | Found a snail-covered altar of Cheibriados.
 11256 | D:7      | Slain by a spriggan

Skill      XL: |  1  2  3  4  5  6  7  8  9 |
---------------+----------------------------+-----
Unarmed Combat | 4 5 6 7 8 |  8.0
Fighting       | 5 6 8 9 |  9.0
Dodging        | |  2.4
Stealth        | |  1.5

Action                   |  1- 3 |  4- 6 |  7- 9 || total
-------------------------+-------+-------+-------++-------
Melee: Unarmed           |   203 |   303 |   391 ||   897
       Punch             |     5 |     9 |    16 ||    30
  Use: Scroll            |     6 |     3 |     2 ||    11
 Stab: Sleeping          |     2 |    10 |     1 ||    13
       Distracted        |       |     1 |     2 ||     3
Armor: Skin              |       |    31 |    52 ||    83
Dodge: Dodged            |    97 |   159 |   212 ||   468

Table legend:
 A = Turns spent in this place as a percentage of turns spent in the entire game.
 B = Non-inter-level travel turns spent in this place as a percentage of non-inter-level travel turns spent in the entire game.
 C = Inter-level travel turns spent in this place as a percentage of turns spent in this place.
 D = Turns resting spent in this place as a percentage of non-inter-level travel turns spent in this place.
 E = Turns spent auto-exploring this place as a percentage of non-inter-level travel turns spent in this place.
 F = Non-inter-level travel turns spent in this place divided by the number of levels of this place that you've seen.
                   A       B       C       D       E      F
               +-------+-------+-------+-------+-------+----------------------
         Total | 100.0 | 100.0 |   0.4 |   4.1 |   4.6 | 495.3
       Dungeon | 100.0 | 100.0 |   0.4 |   4.1 |   4.6 | 495.3
               +-------+-------+-------+-------+-------+----------------------

Table legend:
 A = Kills in this place as a percentage of kills in entire the game.
 B = Kills by you in this place as a percentage of kills by you in the entire game.
 C = Kills by friends in this place as a percentage of kills by friends in the entire game.
 D = Other kills in this place as a percentage of other kills in the entire game.
 E = Experience gained in this place as a percentage of experience gained in the entire game.
 F = Experience gained in this place divided by the number of levels of this place that you have seen.
                   A       B       C       D       E      F
               +-------+-------+-------+-------+-------+----------------------
         Total | 100.0 | 100.0 | 100.0 |  -nan | 100.0 | 435.7
       Dungeon | 100.0 | 100.0 | 100.0 |  -nan | 100.0 | 435.7
               +-------+-------+-------+-------+-------+----------------------
